 Dungeon Crawl Stone Soup version 0.32-a0-643-ga006e7742e (webtiles) character file.

Game seed: 212469428121075915

201 Iich the Trooper (level 5, 0/42 HPs)
             Began as a Demonspawn Fighter on Mar 7, 2024.
             Killed by nerve-wracking pain
             ... invoked by Grinder
              (10 damage)
             ... on level 4 of the Dungeon.
             The game lasted 00:04:58 (2911 turns).

Iich the Trooper (Demonspawn Fighter)               Turns: 2911, Time: 00:05:00

Health: 0/42       AC:  8    Str: 18    XL:     5   Next: 50%
Magic:  5/5        EV: 13    Int: 10    God:
Gold:   252        SH:  4    Dex: 13    Spells: 4/4 levels left

rFire   . . .        x - +1 whip "Bedeah" {venom, rCorr Int+2}
rCold   . . .        c - +0 buckler
rNeg    . . .        g - +0 chain mail
rPois   .            (no helmet)
rElec   .            (no cloak)
rCorr   +            (no gloves)
SInv    .            (no boots)
Will    .....        b - amulet of magic regeneration Stlth
                     u - +5 ring of evasion
HPRegen 0.27/turn    (no ring)
MPRegen 0.49/turn

%: no passive effects
@: no status effects
A: powered by death 2
a: no special abilities


You were on level 4 of the Dungeon.
You visited 1 branch of the dungeon, and saw 4 of its levels.

You collected 252 gold pieces.

Inventory:

Hand Weapons
 a - a +0 war axe
 x - the +1 whip "Bedeah" (weapon) {venom, rCorr Int+2}
   (You found it on level 3 of the Dungeon)

   Int+2:     It affects your intelligence (+2).
   rCorr:     It protects you from acid and corrosion.
Armour
 c - a +0 buckler (worn)
 g - a +0 chain mail (worn)
Jewellery
 b - an amulet of magic regeneration (around neck)
 u - a +5 ring of evasion (left hand)
 w - a ring of fire
Talismans
 f - a dragon-blood talisman
 k - a serpent talisman
Wands
 r - a wand of acid (10)
Scrolls
 e - a scroll of brand weapon
 i - a scroll of revelation {unknown}
 j - a scroll of amnesia
 l - a scroll of enchant weapon {unknown}
 m - a scroll of teleportation {unknown}
 n - a scroll of vulnerability
 s - a scroll of fear {unknown}
 t - a scroll of summoning
 v - a scroll of poison {unknown}
 B - a scroll of blinking
Potions
 d - 3 potions of might
 h - a potion of haste {unknown}
 p - a potion of magic {unknown}


   Skills:
 + Level 4.0 Fighting
 * Level 3.9 Axes
 - Level 2.6 Armour
 + Level 2.2 Dodging
 - Level 2.6 Shields


You had 4 spell levels left.
You didn't know any spells.
Your spell library contained the following spells:

 Spells                   Type           Power      Damage    Failure   Level
 Fugue of the Fallen      Necr           0%         N/A       100%        3
 Ozocubu's Armour         Ice            0%         N/A       100%        3
 Manifold Assault         Tloc           0%         N/A       100%        4


Dungeon Overview and Level Annotations

Branches:
Dungeon (4/15)
 Temple: D:4-7

Altars:
Nemelex Xobeh

Shops:
D:2 :

Annotations:
D:4 Grinder


Innate Abilities, Weirdness & Mutations

You regenerate health from kills.


Message History

You writhe in agony.
* * * LOW HITPOINT WARNING * * *
Grinder completely misses you.
Grinder blinks!
Grinder gestures at you. You resist with significant effort.
You can move again.
You take 7 damage, and have 26/42 hp.
You are too injured to fight recklessly!
You are too injured to fight recklessly!
Grinder gestures at you.
You barely resist. Grinder hits you.
* * * LOW HITPOINT WARNING * * *
You take 4 damage, and have 23/42 hp.
You barely miss Grinder.
Grinder is severely wounded.
Grinder hits you!
* * * LOW HITPOINT WARNING * * *
You writhe in agony.
* * * LOW HITPOINT WARNING * * *
You take 13 damage, and have 10/42 hp. !!!!--MASSIVE DAMAGE--!!!!
You hit Grinder.
Grinder is almost dead.
You block Grinder's attack.
You hit Grinder.
Grinder is almost dead.
Grinder hits you.
* * * LOW HITPOINT WARNING * * *
You writhe in agony.
* * * LOW HITPOINT WARNING * * *
You take 5 damage, and have 5/42 hp.
You hit Grinder.
Grinder is almost dead.
Grinder closely misses you.
You feel better. Grinder gestures at you. Pain shoots through your body!
You die...
Grinder says, "Hey, I wasn't done torturing you yet!"

#...............###.......###
#...... ........+.....#.#.# .
####..... >.......###.#.#.#.###.
#......# #+#......#.#.#.....
#......# ######.#.###..#.#...>.##
+......+ .....#.....#..#........#
#......###........#.#..#.#####..#
#........+........#.#..#.#......#
####.#..##......@.#.#..# #......#
#.#..#########5#.#..#.###....#
####.#..# #.#.####.#.......
.....#..# ######.#.# #.#.#.##.#
######..# #........####.#.#.....
........####.####......#.#.####..
.....†.......#..<...##.#.#.# #..
.........#####.#.....#.#.#.# #..
.........#.....#.......#.#.# #..


You could see Grinder (poisoned).

Vanquished Creatures
  A bombardier beetle (D:4)
  A hound (D:4)
  3 gnolls (D:4)
  5 adders
  An ufetubus (D:4)
  2 ribbon worms
  A dart slug (D:2)
  4 ball pythons
  4 bats
  9 endoplasms
  2 giant cockroaches
  6 goblins
  6 hobgoblins
  3 kobolds (D:1)
  2 quokkas
  3 frilled lizards
  4 rats (D:1)
57 creatures vanquished.

Notes
Turn   | Place    | Note
-------+----------+-------------------------------------------
     0 | D:1      | Iich the Demonspawn Fighter began the quest for the Orb.
     0 | D:1      | Reached XP level 1. HP: 18/18 MP: 1/1
   266 | D:1      | Gained mutation: You regenerate a little health from kills.
                  | [demonic ancestry]
   266 | D:1      | Reached XP level 2. HP: 24/24 MP: 2/2
   580 | D:1      | Found a faded altar of an unknown god.
   703 | D:2      | Found Nakleed's Book Emporium.
   783 | D:2      | Reached skill level 1 in Dodging
   840 | D:2      | Reached XP level 3. HP: 29/29 MP: 3/3
  1746 | D:3      | Reached XP level 4. HP: 35/35 MP: 4/4
  1790 | D:3      | Identified the +1 whip "Bedeah" {venom, rCorr Int+2}
  1864 | D:3      | Found a sparkling altar of Nemelex Xobeh.
  2181 | D:4      | Gained mutation: You regenerate health from kills. [demonic
                  | ancestry]
  2181 | D:4      | Reached XP level 5. HP: 9/42 MP: 5/5
  2660 | D:4      | Reached skill level 4 in Fighting
  2882 | D:4      | Noticed Grinder
  2898 | D:4      | Paralysed by Grinder for 5 turns
  2911 | D:4      | Killed from afar by Grinder

Illustrated notes

Levels and vault maps discovered:
D:1:      scummos_arrival_checkerplants, layout_basic,
          shapermc_ecumenical_altar_pompeii
D:2:      layout_loops_ring, serial_shops, shop
D:3:      layout_loops_ring, lemuel_coloured_pillars_altar
D:4:      layout_basic, minmay_cupped, uniq_grinder

Skill      XL: |  1  2  3  4  5 |
---------------+----------------+-----
Axes           | 2 3 |  3.9
Dodging        | 1 2 |  2.2
Fighting       | 4 |  4.0
Armour         | |  2.6
Shields        | |  2.6

Action                     |  1- 3 |  4- 6 || total
---------------------------+-------+-------++-------
  Melee: War axe           |    97 |    51 ||   148
         Whip              |       |    28 ||    28
  Evoke: Wand              |       |     1 ||     1
    Use: Scroll            |     3 |     2 ||     5
         Potion            |       |     3 ||     3
 Armour: Scale mail        |    68 |    32 ||   100
         Chain mail        |       |    21 ||    21
  Dodge: Dodged            |    40 |    43 ||    83
  Block: Buckler           |    16 |    19 ||    35

Table legend: (Time is in decaauts)
 A = Elapsed time spent in this place.
 B = Non-inter-level travel time spent in this place.
 C = Inter-level travel time spent in this place.
 D = Time resting spent in this place.
 E = Time spent auto-exploring this place.
 F = Levels seen in this place.
 G = Mean time per level.
                   A        B        C        D        E       F      G
               +--------+--------+--------+--------+--------+-----+--------+
         Total |   2968 |   2846 |    122 |     53 |   2271 |   4 |  742.0 |
       Dungeon |   2968 |   2846 |    122 |     53 |   2271 |   4 |  742.0 |
               +--------+--------+--------+--------+--------+-----+--------+

Top non-repeatable levels by time:
     D:3: 788 daAuts
     D:4: 776 daAuts
     D:2: 714 daAuts
     D:1: 688 daAuts
